Wici, chaotic male elven Wizard ----------------------- ------------------------- |...............F....... ........................| |........!.............. .....!....Y.............| |....................... .......................)| |....................... ........................| |....................... ........................| ............................................Y............................ ^....................?......g ............................ ^ .......................q.... |......................F.......................f..........................| |....................... .....B. .......%................| |....................F.. ..'...... .......................f| |....!..................^ i ....'...... ^b.........%............| |....................... f fRY...........................<.......a| |...[.....!............. .@Y.b................a...%....%.h......| |..........*............ ....................%........%..`......| ----------------------- ----------- ------------------------- Wici the Thaumaturge Experience level: 7 Strength: 13 Dexterity: 12 Constitution: 16 Intelligence: 16 Wisdom: 11 Charisma: 12 Health: 0(64) Energy: 72(72) Def: 10 Gold: 1541 Moves: 4361 Dungeon seed: tyBqVNyn7hPplyGz Game ID: Wici_1675230147 Your Inventory: Weapons a - an uncursed +0 knife d - a blessed +1 quarterstaff (weapon in hands) Q - 34 uncursed +0 darts (in quiver) Armor e - an uncursed +0 cloak of magic resistance (being worn) q - an uncursed +0 orcish helm (being worn) y - an uncursed +0 chain mail (being worn) z - an uncursed +0 pair of leather gloves (being worn) Y - an uncursed +0 pair of iron shoes (being worn) Comestibles A - an uncursed fortune cookie D - 3 uncursed lichen corpses I - 2 uncursed mangos X - an uncursed pancake Scrolls t - an uncursed scroll of light Potions j - 2 uncursed potions of sickness p - 2 uncursed potions of speed r - an uncursed potion of monster detection s - a blessed potion of paralysis x - a cursed potion of oil B - 2 uncursed potions of object detection G - an uncursed potion of blindness P - a cursed potion of confusion S - an uncursed potion of full healing Rings E - an uncursed ring of teleportation (on left hand) Wands b - an uncursed wand of striking (0:7) Tools i - an uncursed wooden harp k - an uncursed skeleton key m - an uncursed mirror H - an uncursed blindfold L - an uncursed mirror M - an uncursed lock pick T - an uncursed blindfold Z - an uncursed +0 pick-axe Gems N - an uncursed citrine stone Coins $ - 1541 gold pieces Spells and supernatural/magical abilities: Name Level Category Cost Memory a - force bolt 1 attack 8pw 93% m - magic missile 2 attack 18pw 93% r - remove curse 3 clerical 50pw 93% z - sleep 1 enchantment 8pw 93% W - pray for help -- divine ? -- Your skills at the end: Fighting Skills wands [Basic] Weapon Skills quarterstaff [Basic] Spellcasting Skills attack spells [Basic] enchantment spells [Basic] Final Attributes: You were piously aligned. You were fire resistant. You were immune to sleep. You were poison resistant. You were magic resistant. You saw invisible. You had infravision. You could teleport. Anhur was noncommittal. You are dead. Vanquished creatures: a black pudding a freezing sphere an incubus a giant spider a lizard 4 chickatrices 2 dwarf lords a wood nymph 3 water nymphs 2 rock piercers a pony a shrieker a violet fungus a gray ooze a barrow wight an elf zombie a straw golem a giant ant 6 hill orcs 14 rothes 3 giant bats an orc zombie a dwarf zombie a wererat a werejackal 3 iguanas 16 killer bees 3 coyotes 8 manes a giant rat a cave spider a yellow mold 2 green molds a red mold 5 gnomes 8 garter snakes 2 geckos 6 jackals a fox 3 kobolds 3 goblins 4 grid bugs a bat 7 lichens 4 newts 132 creatures vanquished. Voluntary challenges: You were an atheist. You used a wielded weapon 50 times, starting on turn 132. You read items or engraved 16 times, starting on turn 3425. You never genocided any monsters. You never polymorphed an object. You never changed form. You used no wishes. You never split a pudding. You wrote Elbereth's name 9 times, starting on turn 3425. You never violated your personal moral code. Dungeon overview: The Dungeons of Doom: levels 1 to 10 Level 1 a vault a long staircase Level 2 a general store, a fountain Level 3 Level 4 a fountain, a vault stairs to The Gnomish Mines Level 5 a vault Level 6 Level 7 some sinks, a vault Level 8 a general store Level 9 many fountains Level 10 <- You were here The Gnomish Mines: Level 5 stairs to The Dungeons of Doom History has recorded: On T:1 you entered the Dungeons of Doom to retrieve the Amulet of Yendor! On T:173 you reached level 2 of The Dungeons of Doom. On T:768 you reached level 3 of The Dungeons of Doom. On T:857 you advanced to experience level 2. On T:878 you reached level 4 of The Dungeons of Doom. On T:1219 you advanced to experience level 3. On T:1226 you reached level 5 of The Dungeons of Doom. On T:1461 you reached level 1 of The Gnomish Mines. On T:1842 you reached level 6 of The Dungeons of Doom. On T:2250 you advanced to experience level 4. On T:2533 you reached level 7 of The Dungeons of Doom. On T:3174 you reached level 8 of The Dungeons of Doom. On T:3546 you reached level 9 of The Dungeons of Doom. On T:3595 you advanced to experience level 5. On T:3700 you advanced to experience level 6. On T:3868 you advanced to experience level 7. On T:3970 you reached level 10 of The Dungeons of Doom. Score breakdown: Gold: 1541 (10844 points) Experience: 7 levels (13645 points) Exploration: 10 levels ( 20.00%) (12857 points) Discoveries: 8 items ( 2.79%) ( 5008 points) Valuables value: (no points given unless you survive) Artifact value: 0 ( 0 points) Variety of kills: 45 monsters ( 11.84%) (10323 points) Turncount: 4361 turns (-1152 points) Survival: died (score multiplied by 80%) Total score: 41220 Latest messages: You write in the dust with your fingers. The ape hits! The ape misses. The ape bites! The ape hits! (2x) The ape misses. You add to the writing in the dust with your fingers. The ape hits! (2x) The ape misses. The ape hits! (2x) The ape bites! The lynx hits! (2x) The lynx misses. The lynx hits! (2x) The lynx misses. Vega bites the rothe. The rothe hits Vega. The rothe misses Vega. (2x) The ape hits! (2x) The ape misses. The ape hits! The ape misses. The ape bites! The rothe misses Vega. (3x) The lynx hits! You die... Final status: Goodbye Wici the Wizard, killed by a lynx... You died in The Dungeons of Doom on dungeon level 10 with 41220 points, and 1541 pieces of gold, after 4361 moves. You were level 7 with a maximum of 64 hit points when you died.